 Dungeon Crawl Stone Soup version 0.31.0-9-g3a7656b989 (webtiles) character file.

Game seed: 7858971635510843519

65 stipulation the Ruffian (level 4, -10/34 HPs)
             Began as a Gnoll Shapeshifter on Jan 25, 2024.
             Mangled by an ogre
             ... wielding a +0 giant club
              (12 damage)
             ... on level 2 of the Dungeon.
             The game lasted 00:01:54 (1290 turns).

stipulation the Ruffian (Gnoll Shapeshifter)        Turns: 1290, Time: 00:01:54

Health: -10/34     AC:  2    Str: 16    XL:     4   Next: 13%
Magic:  5/5        EV: 13    Int:  9    God:
Gold:   124        SH:  0    Dex: 11    Spells: 5/5 levels left

rFire   . .          .
                       - Unarmed
rCold   . . .        (no shield)
rNeg    . . .        a - +0 animal skin
rPois   .            (helmet currently unavailable)
rElec   .            (cloak currently unavailable)
rCorr   .            (gloves currently unavailable)
SInv    .            (boots currently unavailable)
Will    .....        (no amulet)
Stlth   +            (no ring)
HPRegen 0.25/turn    (no ring)
MPRegen 0.09/turn

%: no passive effects
@: beast-form
A: beast (slay +3), fangs 1, strong nose, distributed training
a: Begin Untransformation


You were on level 2 of the Dungeon.
You were a hulking beast.
You visited 1 branch of the dungeon, and saw 2 of its levels.

You collected 124 gold pieces.

Inventory:

Armour
 a - a +0 animal skin (worn)
 j - a +0 scale mail
Jewellery
 e - a ring of positive energy
 m - a ring of protection from cold
 o - a ring of magical power
Talismans
 c - a beast talisman
 d - a flux talisman
Scrolls
 h - 2 scrolls of identify {unknown}
 i - a scroll of enchant armour {unknown}
 l - a scroll of poison {unknown}
 n - a scroll of silence {unknown}
Potions
 b - a potion of lignification
 f - 2 potions of heal wounds {unknown}
 g - a potion of enlightenment {unknown}
 k - 2 potions of mutation {unknown}
 p - 2 potions of curing {unknown}


   Skills:
 + Level 2.7 Fighting
 + Level 1.1 Short Blades
 + Level 1.1 Long Blades
 + Level 1.1 Axes
 + Level 1.1 Maces & Flails
 + Level 1.1 Polearms
 + Level 1.1 Staves
 + Level 1.1 Ranged Weapons
 + Level 1.1 Throwing
 + Level 1.1 Armour
 + Level 4.6 Dodging
 + Level 1.1 Stealth
 + Level 1.1 Shields
 + Level 6.6 Unarmed Combat
 + Level 1.1 Spellcasting
 + Level 0.8 Conjurations
 + Level 0.8 Hexes
 + Level 0.8 Summonings
 + Level 0.8 Necromancy
 + Level 0.8 Translocations
 + Level 0.8 Fire Magic
 + Level 0.8 Ice Magic
 + Level 0.8 Air Magic
 + Level 0.8 Earth Magic
 + Level 0.8 Alchemy
 + Level 1.2 Invocations
 + Level 1.1 Evocations
 + Level 6.5 Shapeshifting


You had 5 spell levels left.
You didn't know any spells.
Your spell library was empty.

Dungeon Overview and Level Annotations

Branches:
Dungeon (2/15)

Altars:


Innate Abilities, Weirdness & Mutations

You are a hulking beast.
Your limbs bulge with bestial killing power. (Slay +3)
You have very sharp teeth.
Your uncanny sense of smell can sniff out nearby items.
Your experience applies equally to all skills.


Message History

A hobgoblin comes into view.
The hobgoblin shouts!
A hobgoblin is nearby!
The hobgoblin hits you.
You closely miss the hobgoblin. The hobgoblin closely misses you.
You hit the hobgoblin but do no damage. The hobgoblin barely misses you.
You hit the hobgoblin.
You kill the hobgoblin!
No target in view!
No target in view!
No target in view!
No target in view!
No target in view!
No target in view!
You see here a hobgoblin corpse.
An ogre comes into view. It is wielding a +0 giant club.
An ogre is nearby!
A ribbon worm comes into view.
The helpless ogre fails to defend itself.
You punch the ogre!
The ogre is heavily wounded.
The ogre hits you with a +0 giant club!!
Ouch! That really hurt!
* * * LOW HITPOINT WARNING * * *
You are too injured to fight recklessly!
You are too injured to fight recklessly!
You are too injured to fight recklessly!
You are too injured to fight recklessly!
You are too injured to fight recklessly!
You are too injured to fight recklessly!
You are too injured to fight recklessly!
You are too injured to fight recklessly!
You are too injured to fight recklessly!
You are too injured to fight recklessly!
You are too injured to fight recklessly!
You are too injured to fight recklessly!
You punch the ogre! You punch the ogre.
The ogre is almost dead.
The ogre hits you with a +0 giant club!
You die...

### #### ######.####).#
#............######
#######.###.......#.....
#.........#.####..#.####
##.####h#.#.# #..#.#
#O#.#.# #..#.# #w#.#.#
#..#.# #.#.#.# #..#.####
#.#.#.####..#....#
#.#...............
#.#.#.###..†#.##.#
#.#.........#.##.#
#.#............#


You could see an ogre and a ribbon worm.

Vanquished Creatures
  2 adders (D:2)
  A ribbon worm (D:2)
  6 bats
  4 endoplasms
  2 giant cockroaches (D:2)
  6 goblins
  3 hobgoblins (D:2)
  A quokka (D:1)
  8 ball pythons
  5 frilled lizards
  2 kobolds (D:1)
  3 rats
43 creatures vanquished.

Notes
Turn   | Place    | Note
-------+----------+-------------------------------------------
     0 | D:1      | stipulation the Gnoll Shapeshifter began the quest for the
                  | Orb.
     0 | D:1      | Reached XP level 1. HP: 17/17 MP: 1/1
   225 | D:1      | Reached XP level 2. HP: 21/23 MP: 2/2
   666 | D:2      | Reached XP level 3. HP: 28/28 MP: 3/3
   749 | D:2      | Reached skill level 1 in Invocations
   956 | D:2      | Reached skill level 1 in Short Blades
   956 | D:2      | Reached skill level 1 in Long Blades
   956 | D:2      | Reached skill level 1 in Axes
   956 | D:2      | Reached skill level 1 in Maces & Flails
   956 | D:2      | Reached skill level 1 in Polearms
   956 | D:2      | Reached skill level 1 in Staves
   956 | D:2      | Reached skill level 1 in Ranged Weapons
   956 | D:2      | Reached skill level 1 in Throwing
   956 | D:2      | Reached skill level 1 in Armour
   956 | D:2      | Reached skill level 1 in Stealth
   956 | D:2      | Reached skill level 1 in Shields
   956 | D:2      | Reached skill level 1 in Spellcasting
   956 | D:2      | Reached skill level 1 in Evocations
  1018 | D:2      | Reached XP level 4. HP: 29/34 MP: 5/5
  1285 | D:2      | Noticed an ogre
  1290 | D:2      | Mangled by an ogre

Illustrated notes

Levels and vault maps discovered:
D:1:      scummos_arrival_checkerplants, layout_loops_cross, minmay_tromino_v7
D:2:      layout_basic, minmay_pentomino_pile

Skill      XL: |  1  2  3 |
---------------+----------+-----
Invocations    | 1 |  1.2
Short Blades   | 1 |  1.1
Long Blades    | 1 |  1.1
Axes           | 1 |  1.1
Maces & Flails | 1 |  1.1
Polearms       | 1 |  1.1
Staves         | 1 |  1.1
Ranged Weapons | 1 |  1.1
Throwing       | 1 |  1.1
Armour         | 1 |  1.1
Stealth        | 1 |  1.1
Shields        | 1 |  1.1
Spellcasting   | 1 |  1.1
Evocations     | 1 |  1.1
Fighting       | |  2.7
Dodging        | |  4.6
Unarmed Combat | |  6.6
Conjurations   | |  0.8
Hexes          | |  0.8
Summonings     | |  0.8
Necromancy     | |  0.8
Translocations | |  0.8
Fire Magic     | |  0.8
Ice Magic      | |  0.8
Air Magic      | |  0.8
Earth Magic    | |  0.8
Alchemy        | |  0.8
Shapeshifting  | |  6.5

Action                     |  1- 3 |  4- 6 || total
---------------------------+-------+-------++-------
  Melee: Unarmed           |    61 |    12 ||    73
         Punch             |     3 |     2 ||     5
         Bite              |     1 |     1 ||     2
   Stab: Sleeping          |     3 |     1 ||     4
 Armour: Animal skin       |    26 |     5 ||    31
  Dodge: Dodged            |    33 |     7 ||    40
